Map: New Repugnancy LE

Players

Mesrob - Winner!

  • Race: Terran Terran
  • League: Platinum
  • Spawn Location: 1:00

Goldenshield

  • Race: Terran Terran
  • League: Gold
  • Spawn Location: 7:00

VOD

Have the link to the VOD?

Description

Time

  • Played on: July 12, 2019, 1:54 a.m.
  • Length: 18:31
Show
View Real Time Build Order
Export as new Build Order

Mesrob Terran - Winner!

Build Orders: 2 Factory, Reaper Expand 

Get SALT Encoding   

  12  0:00  SCV  
  13  0:12  SCV  
  14  0:17  Supply Depot  
  14  0:24  SCV  
  15  0:38  SCV  
  15  0:39  Barracks  
  16  0:50  SCV  
  17  1:02  Refinery, SCV  
  18  1:07  Refinery  
  18  1:14  SCV  
  19  1:30  Orbital Command  
  19  1:46  Command Center  
  19  1:50  Reaper  
  20  2:11  Factory  
  20  2:28  Reaper  
  21  2:38  Supply Depot, SCV  
  22  2:50  SCV  
  23  2:54  Factory  
  23  3:02  SCV  
  24  3:14  Orbital Command  
  24  3:15  SCV  
  24  3:18  Supply Depot  
  23  3:27  SCV  
  23  3:31  Reaper  
  22  3:52  Hellion  
  24  3:56  Hellion  
  20  4:13  Hellion  
  20  4:17  Hellion  
  21  4:35  Hellion  
  22  4:39  Hellion  
  24  4:49  Reaper  
  25  4:58  SCV  
  25  4:59  SCV  
  27  5:04  Hellion x2  
  31  5:10  SCV  
  31  5:11  SCV  
  27  5:22  SCV  
  27  5:25  Hellion x2  
  24  5:38  SCV  
  24  5:39  SCV  
  24  5:50  SCV  
  24  5:51  Hellion x2, SCV  
  30  6:02  SCV  
  31  6:14  SCV  
  28  6:26  SCV  
  27  6:46  Hellion x2  
  29  6:47  SCV  
  26  6:59  SCV  
  23  7:07  Hellion  
  23  7:08  Hellion  
  25  7:12  SCV  
  25  7:14  Factory  
  26  7:21  Marine  
  27  7:24  SCV  
  27  7:29  Hellion x2  
  32  7:36  SCV  
  33  7:39  Barracks Tech Lab  
  33  7:45  Factory  
  33  7:50  Hellion x2  
  36  7:57  SCV  
  37  8:09  SCV  
  38  8:18  Hellion x2  
  42  8:21  SCV  
  42  8:24  Siege Tank  
  46  8:27  Barracks Tech Lab  
  46  8:30  Factory Tech Lab  
  46  8:34  Refinery  
  46  8:40  SCV  
  47  8:46  Supply Depot  
  47  8:49  Factory Tech Lab, Factory Reactor  
  47  9:09  Siege Tank  
  50  9:10  Supply Depot  
  50  9:11  Hellion x2  
  54  9:19  SCV x2  
  56  9:31  SCV  
  56  9:34  Supply Depot  
  57  9:40  Siege Tank  
  57  9:41  Siege Tank  
  63  9:58  Supply Depot  
  61  10:10  Siege Tank  
  61  10:11  Hellion x2  
  54  10:41  Siege Tank x2  
  60  10:50  Starport  
  54  11:12  SCV  
  54  11:16  Cyclone x2  
  61  11:23  Engineering Bay  
  61  11:24  SCV  
  62  11:29  Viking  
  64  11:36  SCV  
  64  11:48  SCV  
  27  12:35  Siege Tank  
  30  12:49  SCV  
  31  13:03  SCV  
  31  13:04  SCV  
  33  13:13  Missile Turret  
  33  13:14  Refinery  
  33  13:15  SCV  
  33  13:16  SCV  
  35  13:24  Siege Tank  
  38  13:27  SCV  
  38  13:28  Viking, SCV  
  42  13:35  Hellion  
  42  13:37  Hellion  
  42  13:39  SCV  
  47  13:58  Viking  
  49  14:06  Cyclone  
  49  14:09  Hellion x2  
  56  14:11  Hellion x2  
  56  14:14  SCV x2  
  62  14:26  SCV  
  63  14:36  Siege Tank  
  66  14:46  Viking  
  66  14:48  Siege Tank  
  66  14:51  Hellion  
  73  14:56  Siege Tank  
  76  15:09  Hellion  
  78  15:18  SCV  
  78  15:19  SCV  
  78  15:21  Hellion  
  82  15:24  Hellion x2  
  86  15:37  SCV x2  
  86  15:39  Siege Tank  
  81  15:49  SCV  
  79  15:51  Hellion x2  
  79  15:52  Siege Tank  
  86  16:01  Supply Depot  
  86  16:03  Supply Depot  
  84  16:11  Cyclone  
  63  16:30  Hellion x2  
  63  16:31  Siege Tank  
  70  16:33  Viking  
  72  16:55  Hellion x2  
  76  17:03  Viking  
  76  17:07  Command Center  
  73  17:16  Cyclone x2  
  73  17:17  Cyclone  
  82  17:26  Starport  
  82  17:46  SCV x2  
  82  17:48  Missile Turret  
  84  17:54  Cyclone x2  
  90  17:58  SCV  
  90  17:59  SCV  
Show
View Real Time Build Order
Export as new Build Order

Goldenshield Terran 

Build Orders:  

Get SALT Encoding   

  12  0:01  SCV  
  13  0:13  SCV  
  14  0:18  Supply Depot  
  14  0:25  Refinery  
  14  0:29  SCV  
  15  0:47  Barracks  
  15  0:56  SCV  
  16  1:05  Barracks  
  16  1:27  Barracks  
  16  1:40  Reaper  
  17  1:47  Barracks  
  17  1:57  Reaper  
  18  2:12  Reaper  
  19  2:17  Supply Depot  
  19  2:20  Refinery  
  20  2:22  Reaper  
  19  2:34  Reaper  
  20  2:42  Reaper  
  21  3:09  Reaper  
  21  3:10  Reaper  
  22  3:43  Reaper x3  
  25  3:51  SCV  
  26  4:03  Reaper, SCV  
  28  4:15  Reaper, SCV  
  28  4:16  Reaper  
  30  4:27  SCV  
  30  4:39  SCV  
  31  4:46  Bunker  
  31  4:47  Command Center  
  31  4:59  Supply Depot  
  31  5:02  Orbital Command  
  31  5:21  Marine x4  
  27  5:46  Marine x2  
  29  5:52  SCV  
  30  5:58  Supply Depot  
  30  6:03  Marine  
  30  6:04  Marine, SCV  
  32  6:07  Marine  
  35  6:16  SCV  
  33  6:21  Marine  
  24  6:42  Marine x2  
  23  6:53  Barracks Reactor  
  21  7:00  Marine x2  
  23  7:02  Orbital Command  
  23  7:04  SCV  
  24  7:16  SCV  
  25  7:28  SCV  
  26  7:30  Refinery  
  26  7:32  SCV  
  27  7:40  SCV  
  28  7:52  SCV  
  29  8:04  Factory  
  30  8:08  Barracks Reactor  
  30  8:09  Barracks Tech Lab  
  30  8:11  SCV  
  31  8:14  SCV  
  31  8:23  Supply Depot  
  31  8:26  SCV  
  32  8:35  Command Center  
  32  8:44  Engineering Bay  
  32  8:45  SCV  
  33  8:56  Refinery  
  33  8:57  SCV x2  
  35  9:09  Factory Tech Lab, SCV x2  
  37  9:16  Starport  
  37  9:18  Starport  
  37  9:21  SCV x2  
  39  9:33  SCV x2  
  41  9:41  Siege Tank  
  41  9:44  Liberator x2  
  44  9:45  SCV  
  45  9:59  Bunker  
  43  10:03  SCV  
  43  10:04  Marine x2  
  36  10:54  Orbital Command  
  35  11:03  Marine x6  
  41  11:19  SCV  
  41  11:22  Starport Tech Lab  
  42  11:31  SCV  
  43  11:44  SCV  
  43  11:46  Marine x3  
  43  11:47  Marine x3  
  48  12:04  Marine x2  
  42  12:24  Marine  
  42  12:25  Marine x5  
  42  12:27  SCV  
  49  12:33  SCV  
  50  12:39  SCV  
  50  12:42  Marine x2  
  50  12:43  Marine x4  
  57  12:45  SCV  
  58  12:51  SCV  
  59  13:00  Marine x2  
  61  13:05  SCV  
  61  13:07  SCV  
  63  13:17  SCV  
  63  13:19  Fusion Core  
  64  13:30  SCV  
  64  13:31  Supply Depot  
  64  13:32  Refinery, Supply Depot x2  
  64  13:33  Supply Depot  
  65  13:40  Armory x2  
  65  13:41  Starport  
  65  13:42  SCV  
  65  13:46  Siege Tank  
  65  13:47  Planetary Fortress  
  69  13:51  Starport Tech Lab  
  69  13:52  Marine x6  
  69  13:54  SCV  
  76  14:06  SCV  
  77  14:10  Marine x2  
  77  14:12  Battlecruiser  
  85  14:18  Siege Tank, SCV  
  89  14:31  SCV  
  89  14:40  Missile Turret  
  89  14:43  Missile Turret, SCV  
  90  14:47  Missile Turret  
  90  14:48  SCV x2  
  92  14:55  Starport Tech Lab, SCV  
  92  14:59  Terran Vehicle And Ship Armor Level 1  
  93  15:00  SCV  
  93  15:01  Terran Ship Weapons Level 1, SCV  
  95  15:07  SCV  
  95  15:08  Refinery  
  95  15:11  Refinery  
  95  15:13  SCV  
  97  15:19  SCV  
  98  15:38  Supply Depot, Battlecruiser  
  96  15:50  Siege Tank  
  99  16:00  Battlecruiser  
  99  16:15  Stimpack  
  81  16:20  Marine x4  
  81  16:21  Marine x2  
  76  16:29  Viking  
  78  16:38  Marine x4  
  82  16:42  Viking  
  84  16:59  Battlecruiser  
  90  17:04  Viking  
  91  17:13  Marine  
  91  17:14  Marine x2  
  94  17:36  Command Center  
  94  17:57  Marine  
  94  17:58  Marine  
  94  17:59  Marine  
  94  18:00  Marine  
Tags
 
Add a new tag
Caveats
  • Supply blocks, unpowered buildings, or Contaminate may cause inaccurate times.
  • Supply counts are checked every 10 seconds.